 Dungeon Crawl Stone Soup version 0.30-a0-719-gcc4359ea44 (webtiles) character file.

Game seed: 3072265258310831890

6728 M4edhros the Cruncher (level 11, -4/69 HPs)
             Began as an Octopode Chaos Knight on Jan 26, 2023.
             Was a Plaything of Xom.
             Slain by a manticore (glowing shapeshifter) (8 damage)
             ... on level 10 of the Dungeon.
             The game lasted 00:18:15 (12909 turns).

M4edhros the Cruncher (Octopode Chaos Knight)      Turns: 12909, Time: 00:18:15

Health: -4/69      AC:  1    Str: 11    XL:     11   Next: 4%
Magic:  0/25       EV: 16    Int: 15    God:    Xom [......]
Gold:   255        SH:  0    Dex: 14    Spells: 11/17 levels left

rFire   + + .      SeeInvis .    q - +3 quarterstaff (chaos)
rCold   x x .      Faith    .    (shield currently unavailable)
rNeg    . . .      Spirit   +    (helmet restricted)
rPois   .          Reflect  .    n - amulet of guardian spirit
rElec   .          Harm     .    f - ring of magical power
rCorr   .          Rampage  .    F - ring of willpower
Will    +....                    u - ring of fire
Stlth   ++                       x - +4 ring of slaying
HPRegen 0.31/turn                j - ring of fire
MPRegen 0.19/turn                (no ring)
                                 (no ring)
                                 (no ring)

@: no status effects
A: almost no armour, amphibious, 8 rings, camouflage 1, gelatinous body 1,
(nimble swimmer 1), tentacles, tentacle spike 1, clumsy 1, frail 1, MP-powered
wands, devolution 1
a: Renounce Religion


You were on level 10 of the Dungeon.
You worshipped Xom.
You were a very special plaything of Xom.
You visited 2 branches of the dungeon, and saw 11 of its levels.
You also visited: Sewer.

You collected 255 gold pieces.

Inventory:

Hand Weapons
 a - a +0 spear of freezing
 q - a +3 quarterstaff of chaos (weapon)
Missiles
 g - 3 boomerangs of dispersal
 o - 8 poisoned darts
Jewellery
 f - a ring of magical power (left tentacle)
 j - a ring of fire (on tentacle)
 n - an amulet of guardian spirit (around mantle)
 u - a ring of fire (on tentacle)
 x - a +4 ring of slaying (on tentacle)
 F - a ring of willpower (right tentacle)
Wands
 k - a wand of roots (17)
 m - a wand of digging (4)
 v - a wand of polymorph (4)
 y - a wand of mindburst (9)
 z - a wand of paralysis (6)
Scrolls
 e - a scroll of enchant armour
 i - 4 scrolls of noise
 l - a scroll of torment
 p - 2 scrolls of identify
 r - 2 scrolls of teleportation
 t - 2 scrolls of amnesia
 A - 4 scrolls of vulnerability
 G - 4 scrolls of poison
 H - 2 scrolls of immolation
Potions
 c - 3 potions of curing
 d - 4 potions of brilliance
 h - 2 potions of might
 s - 2 potions of degeneration
 w - 2 potions of flight
 B - a potion of haste
 C - a potion of ambrosia {unknown}
 D - 2 potions of heal wounds {unknown}
 E - 3 potions of lignification {unknown}
Miscellaneous
 b - a piece from Xom's chessboard (13/15) (quivered)


   Skills:
 - Level 8.0 Fighting
 - Level 6.3(9.2) Polearms
 - Level 10.4(11.1) Staves
 + Level 7.9 Dodging
 + Level 3.8 Spellcasting
 * Level 1.6 Fire Magic


You had 11 spell levels left.
You knew the following spells:

 Your Spells              Type           Power      Damage    Failure   Level
a - Fireball              Conj/Fire      5%         3d5       98%         5
b - Foxfire               Conj/Fire      44%        2x1d6     13%         1

Your spell library contained the following spells:

 Spells                   Type           Power      Damage    Failure   Level
 Starburst                Conj/Fire      5%         6d4       100%        6


Dungeon Overview and Level Annotations

Branches:
Dungeon (10/15)            Temple (1/1) D:4            Lair (0/5) D:8
  Sewer (visited)
    Orc: D:9-12

Altars:
Ashenzari
Cheibriados
Dithmenos
Fedhas
Gozag
Hepliaklqana
Kikubaaqudgha
Makhleb
Nemelex Xobeh
Okawaru
Ru
Sif Muna
Trog
Uskayaw
Vehumet
Wu Jian
Xom
Yredelemnul
Zin
The Shining One

Shops:
D:4 (   D:7 ?


Innate Abilities, Weirdness & Mutations

You cannot wear most types of armour.
You are amphibious.
You can wear up to eight rings at the same time.
Your skin changes colour to match your surroundings (Stealth+).
Your rubbery body absorbs attacks. (AC +1, EV +1)
((You are camouflaged when in or above water. (Stealth+)))
You have tentacles for arms and can constrict up to eight enemies at once.
One of your tentacles bears a spike.
You are clumsy. (Dex -2)
You are frail. (-10% HP)
You expend magic power (3 MP) to strengthen your wands.
You have hidden genetic defects.


Message History

The orc warrior is moderately wounded.
You constrict the orc warrior.
You hit the orc warrior but do no damage.
The orc warrior goes berserk!
Your tentacle spike misses the orc warrior.
The orc warrior is moderately wounded.
You constrict the orc warrior. The orc warrior closely misses you.
The orc misses you. The orc warrior closely misses you.
You hit the orc warrior.
The orc warrior is poisoned.
You pierce the orc warrior, but do no damage.
You tentacle-slap the orc warrior, but do no damage.
The orc warrior is heavily wounded.
You constrict the orc warrior, but do no damage.
The orc misses you. The orc warrior misses you.
You hit the orc warrior.
You lose your grip on the glowing shapeshifter.
The orc warrior changes into a glowing shapeshifter!
Xom roars with laughter!
You grab the glowing shapeshifter.
You pierce the glowing shapeshifter.
The glowing shapeshifter is heavily wounded.
You constrict the glowing shapeshifter.
You lose your grip on the manticore.
The glowing shapeshifter changes into a manticore!
The orc barely misses you.
You hit the manticore.
The manticore seems to grow stronger.
You pierce the manticore.
The manticore is severely wounded.
The orc misses you.
You barely miss the manticore.
You pierce the manticore.
The manticore is severely wounded.
Xom decides to rearrange the pieces.
You swap places with the orc.
Some monsters swap places.
The manticore barely misses you. The manticore claws you! x2
You hit the manticore. You freeze the manticore.
You pierce the manticore.
The manticore is severely wounded.
The orc hits you with a +0 club. The manticore bites you!!!
* * * LOW HITPOINT WARNING * * *
The manticore claws you!
* * * LOW HITPOINT WARNING * * *
The manticore claws you!
You die...

....#..####...#......#
....#.......###......###
#####.......'...........
............#...........
.#..........#...........
##..........#...........
............#..)).[.....
#############...H...####
...............o@...#
....................#
..<.................#
....................#
......................
#####..................
..................#
.................# ###


You could see a manticore shaped shifter (strong) and an orc.

Vanquished Creatures
  A two-headed ogre (shapeshifter) (D:9)
  A manticore (D:9)
  2 trolls
  A hornet (D:9)
  A shadow (D:9)
  A wraith (D:9)
  A vampire (D:10)
  6 yaks
  2 steam dragons
  A water moccasin (D:7)
  3 orc warriors
  2 ice beasts (D:6)
  A black bear (D:7)
  4 ogres
  4 wolves (D:8)
  3 centaurs
  A kobold brigand (D:8)
  2 necrophages
  A gnoll sergeant (D:9)
  A scorpion (D:5)
  5 wights (D:9)
  2 electric eels (D:8)
  6 hounds
  6 jellies
  5 orc priests
  Crazy Yiuf (D:3)
  A gnoll bouda (D:7)
  Jessica (D:3)
  2 orc wizards
  12 gnolls
  7 adders
  3 river rats (Sewer)
  A white imp (D:8)
  An ufetubus (D:4)
  2 worms
  5 dart slugs
  18 orcs
  6 bats
  4 bat zombies (D:3)
  4 endoplasms
  2 giant cockroaches
  12 goblins
  6 hobgoblins (D:1)
  9 jackals (D:1)
  9 quokkas
  15 ball pythons
  10 frilled lizards
  6 kobolds
  13 rats
  A rat zombie (D:3)
214 creatures vanquished.

Vanquished Creatures (collateral kills)
  2 yaks (D:5)
  A jackal (D:1)
3 creatures vanquished.

Vanquished Creatures (others)
  A quokka (D:10)
  A frilled lizard zombie (D:1)
  A rat zombie (D:1)
  10 plants
13 creatures vanquished.

Grand Total: 230 creatures vanquished

Notes
Turn   | Place    | Note
-------+----------+-------------------------------------------
     0 | D:1      | M4edhros the Octopode Chaos Knight began the quest for the
                  | Orb.
     0 | D:1      | Reached XP level 1. HP: 16/16 MP: 1/1
    13 | D:1      | XOM: potion effect (brilliance)
    55 | D:1      | XOM: divination: detect creatures
    93 | D:1      | Reached XP level 2. HP: 17/21 MP: 2/2
   103 | D:1      | XOM: potion effect (haste)
   120 | D:1      | XOM: divination: detect items
   343 | D:1      | Reached XP level 3. HP: 26/26 MP: 3/3
   738 | D:1      | XOM: silly message
   993 | D:2      | Reached XP level 4. HP: 30/31 MP: 4/4
  1078 | D:2      | Reached skill level 5 in Polearms
  1244 | D:2      | Found a burning altar of Makhleb.
  1531 | D:3      | Noticed Jessica
  1560 | D:3      | XOM: potion effect (brilliance)
  1569 | D:3      | Killed Jessica
  1570 | D:3      | Reached XP level 5. HP: 19/36 MP: 5/5
  1634 | D:3      | Found an ancient bone altar of Kikubaaqudgha.
  1692 | D:3      | XOM: torment (19/36 hp)
  1781 | D:3      | XOM: summons 2 hostile shadow creatures
  1791 | D:3      | Found a snail-covered altar of Cheibriados.
  1835 | D:3      | Found an iron altar of Okawaru.
  1941 | D:3      | XOM: stat loss: -1 Str (10/11)
  1942 | D:3      | XOM: butterfly on damage
  2188 | D:3      | Found a runed translucent door.
  2189 | D:3      | Noticed Crazy Yiuf
  2337 | D:3      | Killed Crazy Yiuf
  2398 | D:3      | XOM: silly message
  2430 | D:4      | Found a staircase to the Ecumenical Temple.
  2432 | D:4      | Found Utoifo's Antique Weapon Shoppe.
  2447 | D:4      | Noticed an ogre
  2529 | D:4      | Reached skill level 1 in Staves
  2529 | D:4      | Reached XP level 6. HP: 39/42 MP: 6/6
  2596 | D:4      | Reached skill level 2 in Staves
  2604 | D:4      | XOM: 3-stop teleportation journey
  2607 | D:4      | Reached skill level 3 in Staves
  2749 | D:4      | Found a hazy altar of Hepliaklqana.
  2793 | D:4      | Reached skill level 4 in Staves
  2809 | D:4      | Reached XP level 7. HP: 45/46 MP: 7/7
  2886 | D:4      | Found a glowing drain.
  2898 | Sewer    | Entered a sewer
  2986 | Sewer    | XOM: enchant monster (good)
  3256 | Sewer    | XOM: 3-stop teleportation journey
  3267 | Sewer    | XOM: 7-stop teleportation journey
  3394 | D:4      | Found a shimmering blue altar of Sif Muna.
  3403 | D:4      | Found a glowing golden altar of the Shining One.
  3631 | D:5      | Entered Level 5 of the Dungeon
  3639 | D:5      | Noticed a yak
  3640 | D:5      | Noticed a yak
  3640 | D:5      | Noticed a yak
  3643 | D:5      | Noticed a yak
  3643 | D:5      | Noticed a yak
  3646 | D:5      | XOM: enchant monster (good)
  3656 | D:4      | XOM: confuse monster(s)
  3661 | D:4      | Killed a yak
  3662 | D:4      | Reached skill level 5 in Staves
  3766 | D:5      | XOM: confuse monster(s)
  3825 | Temple   | Entered the Ecumenical Temple
  5126 | Temple   | XOM: scenery: summon butterflies
  5288 | Temple   | XOM: god gift: wand of paralysis (4)
  5318 | Temple   | XOM: scenery: create altars
  5467 | Temple   | XOM: god gift: scroll labelled WUUZAW XEAPH {god gift}
  5636 | Temple   | XOM: summons 2 hostile demons
  5817 | D:5      | Reached skill level 6 in Staves
  5881 | D:5      | XOM: scenery: 1 doors close
  5884 | D:5      | XOM: confusion
  5896 | D:5      | Reached XP level 8. HP: 37/52 MP: 8/8
  6051 | D:5      | Gained mutation: One of your tentacles bears a spike.
                  | [potion of mutation]
  6051 | D:5      | Gained mutation: You have an increased reservoir of magic.
                  | (+10% MP) [potion of mutation]
  6114 | D:5      | Reached skill level 7 in Staves
  6271 | D:5      | XOM: cleaving
  6281 | D:5      | XOM: silly message
  6349 | D:5      | XOM: noise
  6444 | D:5      | XOM: enchant monster (bad)
  6445 | D:5      | XOM: cast spell 'Discord'
  6447 | D:5      | Killed a yak
  6448 | D:5      | Reached skill level 8 in Staves
  6449 | D:5      | Killed a yak
  6450 | D:5      | Killed a yak
  6451 | D:5      | Reached skill level 9 in Staves
  6459 | D:5      | Killed a yak
  6460 | D:5      | Reached XP level 9. HP: 31/56 MP: 9/9
  6591 | D:5      | Found a sparkling altar of Nemelex Xobeh.
  6688 | D:5      | Found a sacrificial altar of Ru.
  6752 | D:5      | XOM: 4-stop teleportation journey
  7057 | D:6      | Reached skill level 10 in Staves
  7074 | D:6      | XOM: 1-stop teleportation journey
  7353 | D:6      | Noticed a +0 spear
  7353 | D:6      | Noticed a +0 dagger
  7353 | D:6      | Noticed a +0 falchion
  7355 | D:6      | Noticed a +0 dagger
  7355 | D:6      | Noticed a +0 falchion
  7355 | D:6      | Noticed a +0 short sword
  7356 | D:6      | Noticed a +0 spear
  7366 | D:6      | Found a hide-covered altar of Uskayaw.
  7367 | D:6      | Noticed a +0 short sword
  7784 | D:6      | XOM: give mutations
  7784 | D:6      | Gained mutation: You expend magic power (3 MP) to
                  | strengthen your wands. [Xom's mischief]
  7784 | D:6      | Gained mutation: You do not regenerate when monsters are
                  | visible. [Xom's mischief]
  7784 | D:6      | Lost mutation: You do not regenerate when monsters are
                  | visible. [Xom's mischief]
  7784 | D:6      | Gained mutation: You are clumsy. (Dex -2) [Xom's mischief]
  7801 | D:6      | XOM: summons 5 hostile demons
  7890 | D:6      | Found a broken altar of Ashenzari.
  7924 | D:6      | XOM: noise
  8207 | D:6      | XOM: noise
  8274 | D:7      | Identified the +3 short sword of the Genius {heavy, +Blink
                  | rPois Str+5}
  8722 | D:7      | XOM: summons 5 hostile demons
  8723 | D:7      | Noticed a red devil
  8723 | D:7      | Noticed a smoke demon
  8970 | D:7      | Found Dobugg's Magic Scroll Emporium.
  9122 | D:8      | Reached skill level 5 in Fighting
  9139 | D:8      | Reached skill level 5 in Dodging
  9139 | D:8      | Found a staircase to the Lair.
  9171 | D:8      | XOM: summons 5 hostile demons
  9172 | D:8      | Noticed a rust devil
  9172 | D:8      | Noticed an ice devil
  9175 | D:8      | Lost mutation: You have an increased reservoir of magic.
                  | (+10% MP) [a neqoxec]
  9316 | D:8      | Reached XP level 10. HP: 68/68 MP: 10/10
  9521 | D:8      | XOM: 1-stop teleportation journey
 10093 | D:8      | XOM: stat loss: -1 Str (10/11)
 10095 | D:8      | Identified the +0 falchion of Saltpetre {venom, rF- rC+++
                  | Will++ Dex-4}
 10276 | D:9      | XOM: confusion
 10492 | D:9      | Reached skill level 1 in Spellcasting
 10631 | D:9      | XOM: butterfly on damage
 10801 | D:9      | Noticed a manticore
 10810 | D:9      | Killed a manticore
 10980 | D:9      | XOM: summons 6 hostile demons
 10981 | D:9      | Noticed an orange demon
 10981 | D:9      | Noticed a soul eater
 10983 | D:9      | XOM: smoke on damage
 11794 | D:9      | XOM: 10-stop teleportation journey
 11869 | D:9      | XOM: give mutations
 11869 | D:9      | Gained mutation: You have hidden genetic defects. [Xom's
                  | mischief]
 11869 | D:9      | Gained mutation: You sometimes lose your temper in combat.
                  | [Xom's mischief]
 11869 | D:9      | Lost mutation: You sometimes lose your temper in combat.
                  | [Xom's mischief]
 11895 | D:9      | XOM: stat loss: -1 Int (14/15)
 11958 | D:9      | a centaur changed into a glowing shapeshifter
 11958 | D:9      | Noticed a glowing shapeshifter (glowing shapeshifter)
 11958 | D:9      | XOM: polymorph centaur -> glowing shapeshifter
 11958 | D:9      | a glowing shapeshifter changed into an orb spider
 11958 | D:9      | Noticed an orb spider (glowing shapeshifter)
 11960 | D:9      | an orb spider changed into a wolf spider
 11960 | D:9      | Noticed a wolf spider (glowing shapeshifter)
 11964 | D:9      | XOM: stat loss: -1 Str (10/11)
 11964 | D:9      | a wolf spider changed into a torpor snail
 11964 | D:9      | Noticed a torpor snail (glowing shapeshifter)
 11965 | D:9      | a torpor snail changed into a two-headed ogre
 11965 | D:9      | Noticed a two-headed ogre (glowing shapeshifter)
 11970 | D:9      | Killed a two-headed ogre
 12462 | D:9      | XOM: silly message
 12491 | D:9      | XOM: silly message
 12596 | D:9      | Learned a level 5 spell: Fireball
 12598 | D:9      | Learned a level 1 spell: Foxfire
 12674 | D:10     | Entered Level 10 of the Dungeon
 12786 | D:10     | Found an ornate altar of the Wu Jian Council.
 12787 | D:10     | XOM: confusion
 12802 | D:10     | XOM: enchant monster (bad)
 12810 | D:10     | Reached XP level 11. HP: 60/77 MP: 16/16
 12816 | D:10     | Reached skill level 1 in Fire Magic
 12837 | D:10     | Gained mutation: You are frail. (-10% HP) [hidden defects]
 12906 | D:10     | an orc warrior changed into a glowing shapeshifter
 12906 | D:10     | Noticed a glowing shapeshifter (glowing shapeshifter)
 12906 | D:10     | a glowing shapeshifter changed into a manticore
 12906 | D:10     | Noticed a manticore (glowing shapeshifter)
 12908 | D:10     | XOM: swap monsters
 12909 | D:10     | Slain by a manticore (glowing shapeshifter)

Illustrated notes

Levels and vault maps discovered:
D:1:      dpeg_arrival_tiny_b, layout_basic, st_stairs_10
D:2:      layout_basic, basic_altar
D:3:      layout_basic, lemuel_zombie_altar_kikubaaqudgha,
          mainiacjoe_overflow_surrounded_room, nicolae_overflow_crystal_walls,
          serial_bayou, serial_bayou_crossing, serial_bayou_shore_a,
          serial_bayou_pond_c, serial_bayou_pond_c, uniq_crazy_yiuf_cottage,
          uniq_jessica
D:4:      layout_cave_pools, mainiacjoe_overflow_alcove_2,
          nicolae_overflow_hidden_temple, minmay_temple_entry_gardened_gates,
          serial_shops, nicolae_shop_behind_doors, portal_sewer_entry_b
D:5:      layout_basic, nicolae_ru_the_path_less_chosen,
          nemelex_xobeh_ov_fountains_minmay
D:6:      layout_loops_ring, ashenzari_altar_1, nicolae_uskayaw_en_pointe,
          kennysheep_minor_cross, minmay_ogre_servants
D:7:      layout_loops_ring, serial_shops, shop_fountains
D:8:      layout_basic, erik_lair_island, minmay_misc_feat_tower
D:9:      layout_layer_cave
D:10:     layout_irregular_city, lemuel_tele_altar, overflow_temple_1_default,
          elyvilon_altar_4, uniq_erolcha
Temple:   hellmonk_temple_forest_ring

Skill      XL: |  1  2  3  4  5  6  7  8  9 10 11 |
---------------+----------------------------------+-----
Polearms       | 4 5 6 |  6.3
Staves         | 1 4 6 9 10 | 10.4
Dodging        | 5 7 |  7.9
Fighting       | 5 8 |  8.0
Spellcasting   | 3 |  3.8
Fire Magic     | 1 |  1.6

Action                     |  1- 3 |  4- 6 |  7- 9 | 10-12 || total
---------------------------+-------+-------+-------+-------++-------
  Melee: Spear             |    99 |    91 |       |       ||   190
         Constrict         |    20 |    27 |    37 |    26 ||   110
         Tentacles         |    12 |    22 |    48 |    27 ||   109
         Quarterstaff      |       |    28 |   221 |   119 ||   368
         Punch             |       |     1 |       |     2 ||     3
         Kick              |       |       |    48 |    59 ||   107
  Evoke: Piece from Xom's  |       |     4 |     1 |     3 ||     8
         Wand              |       |       |     1 |     6 ||     7
    Use: Potion            |       |     1 |     5 |     3 ||     9
         Scroll            |       |       |    18 |     3 ||    21
   Stab: Confused          |     2 |       |       |       ||     2
         Sleeping          |     6 |     5 |    12 |     2 ||    25
         Petrifying        |       |     1 |     1 |       ||     2
         Petrified         |       |       |     6 |       ||     6
         Paralysed         |       |       |     1 |     4 ||     5
 Armour: Skin              |     6 |    12 |    13 |     3 ||    34
  Dodge: Dodged            |    54 |    42 |   150 |    91 ||   337

Table legend: (Time is in decaauts)
 A = Elapsed time spent in this place.
 B = Non-inter-level travel time spent in this place.
 C = Inter-level travel time spent in this place.
 D = Time resting spent in this place.
 E = Time spent auto-exploring this place.
 F = Levels seen in this place.
 G = Mean time per level.
                   A        B        C        D        E       F      G
               +--------+--------+--------+--------+--------+-----+--------+
         Total |  12784 |  12129 |    655 |   2170 |   8217 |  12 | 1065.3 |
       Dungeon |  10506 |   9869 |    637 |    571 |   7666 |  10 | 1050.6 |
        Temple |   1822 |   1805 |     17 |   1599 |    183 |   1 | 1822.0 |
         Sewer |    455 |    455 |      0 |      0 |    368 |   1 |  455.0 |
               +--------+--------+--------+--------+--------+-----+--------+

Top non-repeatable levels by time:
     D:9: 2477 daAuts
  Temple: 1822 daAuts
     D:5: 1308 daAuts
     D:6: 1228 daAuts
     D:3: 1052 daAuts
     D:8: 1027 daAuts
     D:4: 932 daAuts
     D:7: 873 daAuts
     D:1: 854 daAuts
     D:2: 526 daAuts
   Sewer: 455 daAuts
    D:10: 227 daAuts
